 Dungeon Crawl Stone Soup version 0.18.1-50-g88ac8fd (webtiles) character file.

130 ololoev the Magician (level 4, 0/24 HPs)
             Began as a Deep Elf Earth Elementalist on Dec 5, 2016.
             Slain by a worker ant (2 damage)
             ... on level 4 of the Dungeon.
             The game lasted 00:03:42 (448 turns).

ololoev the Magician (Deep Elf Earth Elementalist)   Turns: 448, Time: 00:03:43

Health: 0/24       AC:  2    Str:  5    XL:     4   Next: 89%
Magic:  2/13       EV: 13    Int: 21    God:
Gold:   45         SH:  0    Dex: 15    Spells: 3 memorised, 7 levels left

rFire  . . .     SeeInvis .     b - 54 stones
rCold  . . .     Gourm    +     a - +0 robe
rNeg   . . .     Faith    .     (no shield)
rPois  .         Spirit   .     (no helmet)
rElec  .         Dismiss  .     (no cloak)
rCorr  .         Reflect  .     (no gloves)
SustAt .         Harm     .     (no boots)
MR     .....                    i - amulet of the gourmand
Stlth  ++........               (no ring)
                                (no ring)

@: lethally poisoned (0 -> -4), very slightly contaminated, not resistant to
hostile enchantments, unstealthy
A: no striking features
a: no special abilities

Inventory:

Missiles
 b - 54 stones (in hand)
Armour
 a - a +0 robe (worn)
Jewellery
 i - an amulet of the gourmand (around neck)
Scrolls
 e - 4 scrolls of identify {unknown}
 h - a scroll of recharging {unknown}
 j - a scroll of random uselessness {unknown}
Potions
 g - 2 potions of ambrosia {unknown}
 k - a potion of curing {unknown}
Books
 c - a book of Geomancy

   Spells                             Type                      Level
   a - Sandblast                      Earth                        1
   b - Passwall                       Transmutation/Earth          2
   c - Stone Arrow                    Conjuration/Earth            3
   d - Petrify                        Transmutation/Earth          4
   e - Lee's Rapid Deconstruction     Earth                        5
Comestibles
 d - a bread ration
 f - 2 meat rations


   Skills:
 - Level 2.4 Dodging
 - Level 2.4 Stealth
 * Level 5.3 Spellcasting
 * Level 2.1 Conjurations
 - Level 1.1 Transmutations
 + Level 4.3 Earth Magic


You had 7 spell levels left.
You knew the following spells:

 Your Spells              Type           Power        Failure   Level  Hunger
a - Sandblast             Erth           ###...       1%          1    None
b - Stone Arrow           Conj/Erth      ###...       10%         3    ##.....
w - Passwall              Trmt/Erth      ###.......   6%          2    None


You were on level 4 of the Dungeon.
You were not hungry.

You visited 1 branch of the dungeon, and saw 4 of its levels.

You collected 45 gold pieces.

...##..#
###..........#..#
.####.#
####......#..##
......# #####.#..##
.....## ##..##
###.## ###### #..##
....# ##....####..##
....## ##..........#
###..#
##....a......#
###..#
#......@.....#
..#..##
#............#
...#..#
#..........<.#
......#
#............#
##....##
#............#
##....#
#...........##
###..####..........#
##...###.........#
#..............##

Notes
Turn   | Place    | Note
--------------------------------------------------------------
     0 | D:1      | ololoev the Deep Elf Earth Elementalist began the quest for the Orb.
     0 | D:1      | Reached XP level 1. HP: 10/10 MP: 6/6
   183 | D:3      | Reached XP level 2. HP: 14/15 MP: 5/8
   246 | D:3      | Reached skill level 4 in Spellcasting
   246 | D:3      | Reached XP level 3. HP: 19/19 MP: 3/10
   250 | D:3      | Learned a level 2 spell: Passwall
   255 | D:3      | Learned a level 3 spell: Stone Arrow
   347 | D:4      | Reached skill level 1 in Conjurations
   347 | D:4      | Reached XP level 4. HP: 20/24 MP: 6/12
   350 | D:4      | Reached skill level 5 in Spellcasting
   397 | D:4      | Found a shimmering altar of Xom.
   448 | D:4      | Slain by a worker ant

Dungeon Overview and Level Annotations

Branches:
Dungeon (4/15)
 Temple: D:4-7

Altars:
Xom


Message History

Confirm with . or Enter, or press ? or * to list all spells.
Aiming: Sandblast
Press: ? - help, Shift-Dir - straight line, f/p - iguana
Aim: an iguana (heavily wounded)
The rocky blast hits the iguana.
The iguana is heavily wounded.
The iguana bites you!
Casting: Sandblast
Confirm with . or Enter, or press ? or * to list all spells.
Aiming: Sandblast
Press: ? - help, Shift-Dir - straight line, f/p - iguana
Aim: an iguana (heavily wounded)
The rocky blast hits the iguana.
The iguana is heavily wounded.
The iguana barely misses you.
Casting: Sandblast
Confirm with . or Enter, or press ? or * to list all spells.
Aiming: Sandblast
Press: ? - help, Shift-Dir - straight line, f/p - iguana
Aim: an iguana (heavily wounded)
The rocky blast hits the iguana.
The iguana is heavily wounded.
The iguana bites you.
Casting: Sandblast
Confirm with . or Enter, or press ? or * to list all spells.
Aiming: Sandblast
Press: ? - help, Shift-Dir - straight line, f/p - iguana
Aim: an iguana (heavily wounded)
The rocky blast hits the iguana.
The iguana is almost dead.
The iguana barely misses you.
Casting: Sandblast
Confirm with . or Enter, or press ? or * to list all spells.
Aiming: Sandblast
Press: ? - help, Shift-Dir - straight line, f/p - iguana
Aim: an iguana (almost dead)
The rocky blast hits the iguana.
You kill the iguana!
Your Conjurations skill increases to level 2!
Found a stone staircase leading up.
A worker ant comes into view.
The worker ant twitches its antennae in your direction.
Casting: Sandblast
Confirm with . or Enter, or press ? or * to list all spells.
Aiming: Sandblast
Press: ? - help, Shift-Dir - straight line, f - worker ant
Aim: a worker ant The rocky blast hits the worker ant.
The worker ant is lightly wounded.
Casting: Sandblast
Confirm with . or Enter, or press ? or * to list all spells.
Aiming: Sandblast
Press: ? - help, Shift-Dir - straight line, f/p - worker ant
Aim: a worker ant (lightly wounded)
The rocky blast misses the worker ant.
The worker ant closely misses you.
Casting: Sandblast
Confirm with . or Enter, or press ? or * to list all spells.
Aiming: Sandblast
Press: ? - help, Shift-Dir - straight line, f/p - worker ant
Aim: a worker ant (lightly wounded)
The rocky blast hits the worker ant.
The worker ant is almost dead.
The worker ant bites you.
You are poisoned.
The worker ant poisons you! The worker ant bites you!
Casting: Sandblast
Confirm with . or Enter, or press ? or * to list all spells.
Aiming: Sandblast
Press: ? - help, Shift-Dir - straight line, f/p - worker ant
Aim: a worker ant (almost dead)
You miscast Sandblast.
You are very lightly contaminated with residual magic.
Nothing appears to happen.
You feel sick. The worker ant bites you.
Casting: Sandblast
Confirm with . or Enter, or press ? or * to list all spells.
Aiming: Sandblast
Press: ? - help, Shift-Dir - straight line, f/p - worker ant
Aim: a worker ant (almost dead)
The rocky blast misses the worker ant.
The worker ant bites you.
You die...

You could see a worker ant.

Vanquished Creatures
  A hound (D:4)
  An orc wizard (D:3)
  An iguana (D:4)
  A worker ant (D:4)
  6 orcs (D:3)
  A giant cockroach (D:1)
  2 goblins (D:3)
  2 hobgoblins
  3 kobolds
  A giant gecko skeleton (D:4)
19 creatures vanquished.

Action                   |  1- 3 |  4- 6 || total
-------------------------+-------+-------++-------
 Cast: Sandblast         |    24 |    17 ||    41
Armor: Robe              |       |     1 ||     1
Dodge: Dodged            |     7 |     6 ||    13

Vault maps used:
D:1:      kennysheep_arrival_forest, minivault_11
D:2:      hangedman_abyss_or_decor_stabs, serial_bayou_pond_c,
          grunt_decor_one_mirror
D:3:      lemuel_crystal_altar, serial_bayou_lake_a, uniq_jessica
D:4:      old_standard_altar, serial_bayou_pond_b, uniq_duvessa
